[Event "Titled Tuesday Blitz March 08 Early 2022"]
[White "Wagner, Dennis"]
[Black "Kushko, Dmitriy"]
[WhiteFideId "24650684"]
[BlackFideId "14162261"]
[WhiteElo "2355"]
[BlackElo "2225"]
[Result "1-0"]
[Round "09"]
[TimeControl "180+1"]
[Date "2022.03.09"]
[WhiteClock "0:01:24"]
[BlackClock "0:00:05"]

1. Nf3 Nf6 2. g3 g6 3. b3 Bg7 4. Bb2 d6 5. Bg2 e5 6. O-O O-O 7. c4 Nc6 8. Nc3 Bf5 9. d3 Qd7 10. Nd5 Rac8 11. Re1 Nxd5 12. cxd5 Ne7 13. e4 Bg4 14. d4 c6 15. dxe5 cxd5 16. exd5 dxe5 17. Bxe5 Rfd8 18. Bxg7 Bxf3 19. Bxf3 Kxg7 20. Qd4+ Kg8 21. Rad1 Nf5 22. Qxa7 Nd6 23. Qd4 Re8 24. Kg2 b5 25. h4 h5 26. Qf6 Rxe1 27. Rxe1 Re8 28. Rxe8+ Nxe8 29. Qc6 Qxc6 30. dxc6 b4 31. Kf1 Kf8 32. Ke2 Ke7 33. Kd3 Nd6 34. Kd4 Nb5+ 35. Kc5 Nc3 36. Kxb4 Nxa2+ 37. Kc5 Nc3 38. b4 Na4+ 39. Kb5 Nc3+ 40. Ka6 Kd6 41. b5 Na4 42. b6 Nc5+ 43. Ka7 f5 44. c7 Kd7 45. Bb7 1-0


[Site "https://www.chess.com"]

[Event "Titled Tuesday Blitz March 08 Early 2022"]
[White "Yang, Kaiqi"]
[Black "Oganian, Miran"]
[WhiteFideId "8604398"]
[BlackFideId "4122488"]
[WhiteElo "2373"]
[BlackElo "2357"]
[Result "0-1"]
[Round "09"]
[TimeControl "180+1"]
[Date "2022.03.09"]
[WhiteClock "0:00:06"]
[BlackClock "0:00:15"]

1. Nf3 d5 2. c4 e6 3. g3 Nf6 4. Bg2 d4 5. O-O c5 6. b4 Nc6 7. b5 Nb8 8. d3 Nbd7 9. e3 e5 10. exd4 exd4 11. Nbd2 Be7 12. Ng5 O-O 13. Re1 Ne8 14. Nh3 Ndf6 15. Nf4 Rb8 16. Nf3 Nc7 17. Ne5 Bd6 18. Nh5 Re8 19. Bf4 Bf5 20. Qf3 Ne6 21. Bd2 Bg6 22. Nxf6+ Qxf6 23. Qxf6 gxf6 24. Nd7 Bxd3 25. Nxf6+ Kg7 26. Nxe8+ Rxe8 27. Bxb7 Bxc4 28. Bc6 Rb8 29. a4 Bd3 30. Be4 Bxe4 31. Rxe4 c4 32. Rc1 c3 33. Bxc3 dxc3 34. Rxc3 h5 35. Rc6 Rd8 36. Kg2 Be7 37. a5 Rd2 38. b6 axb6 39. Rxb6 Ra2 40. Re5 Bf6 41. Reb5 Bd4 42. Rxh5 Rxf2+ 43. Kh3 Bxb6 44. axb6 Rb2 45. Rd5 Rxb6 46. Kg2 Rb2+ 47. Kf3 Rb3+ 48. Kg2 Rb2+ 49. Kh3 Ra2 50. g4 Nf4+ 51. Kg3 Nxd5 52. h4 Ra3+ 0-1


[Site "https://www.chess.com"]

[Event "Titled Tuesday Blitz March 08 Early 2022"]
[White "Zaichenko, Daria"]
[Black "Moskvin, Anatoly"]
[WhiteFideId "4197453"]
[BlackFideId "24199990"]
[WhiteElo "2039"]
[BlackElo "2079"]
[Result "0-1"]
[Round "09"]
[TimeControl "180+1"]
[Date "2022.03.09"]
[WhiteClock "0:01:26"]
[BlackClock "0:01:52"]

1. e4 e5 2. Nf3 d5 3. exd5 e4 4. Nd4 Qxd5 5. Nb3 Nf6 6. Nc3 Qe5 7. Be2 Nc6 8. d4 exd3 9. Qxd3 Nb4 10. Qb5+ Qxb5 11. Bxb5+ c6 12. Bd3 Nxd3+ 13. cxd3 Bf5 14. O-O O-O-O 15. d4 Bc2 16. Be3 Bxb3 17. axb3 a6 18. Rfd1 Nd5 19. Nxd5 Rxd5 20. g3 Be7 21. Kg2 Bf6 22. Ra4 Rhd8 23. Kf3 Kb8 24. Ke4 c5 25. Ra5 Bxd4 26. Bxd4 Rxd4+ 27. Rxd4 Rxd4+ 28. Ke3 Rb4 29. Rxc5 Rxb3+ 30. Kf4 Rxb2 31. Kf3 Rb5 32. Rc4 a5 0-1


[Site "https://www.chess.com"]

[Event "Titled Tuesday Blitz March 08 Early 2022"]
[White "Zanette, Edgard Vinicius"]
[Black "Nguyen Hong Nhung"]
[WhiteFideId "2109263"]
[BlackFideId "12412201"]
[WhiteElo "2182"]
[BlackElo "1661"]
[Result "1/2-1/2"]
[Round "09"]
[TimeControl "180+1"]
[Date "2022.03.09"]
[WhiteClock "0:00:09"]
[BlackClock "0:00:17"]

1. e4 c5 2. Nc3 e6 3. g3 Nc6 4. Bg2 Nge7 5. d3 g6 6. Be3 d6 7. Nge2 Bg7 8. d4 cxd4 9. Nxd4 O-O 10. O-O a6 11. Nxc6 bxc6 12. Qd2 d5 13. Bc5 Re8 14. Rad1 Rb8 15. Na4 a5 16. Rfe1 Ba6 17. b3 Nc8 18. c4 Bb7 19. exd5 exd5 20. Rxe8+ Qxe8 21. cxd5 cxd5 22. Bxd5 Bxd5 23. Qxd5 Ne7 24. Qe4 Nc6 25. Qxe8+ Rxe8 26. Kf1 h5 27. Nb6 Re5 28. Be3 Re6 29. Nc4 Bc3 30. Rd7 Nb4 31. a4 Nc2 32. Bb6 Re1+ 33. Kg2 Rb1 34. Nxa5 Ne1+ 35. Kh3 Rb2 36. Nc4 Rxb3 37. Be3 Nf3 38. Kg2 Ne1+ 39. Kf1 Nc2 40. Rd3 Rb1+ 41. Ke2 Bf6 42. Rd2 Nb4 43. a5 Ra1 44. Bd4 Bxd4 45. Rxd4 Ra2+ 46. Rd2 Ra4 47. Rb2 Nd5 48. Rc2 Nb4 49. Rc3 Nd5 50. Rc1 Ra2+ 51. Kf1 Nb4 52. Rb1 Nc6 53. Rb5 Ra4 54. Rc5 Nd4 55. Kg2 Kg7 56. Nd6 Nb3 57. Rc7 Rxa5 58. Rxf7+ Kh6 59. Ne4 Nd4 60. h4 Ne6 61. Ng5 Nxg5 62. hxg5+ Rxg5 63. Rf4 Re5 64. Rf3 Kg5 65. Rf4 Re6 66. Rf8 Rf6 67. f4+ Kf5 68. Rxf6+ Kxf6 69. Kf3 Kf5 70. Kf2 Kg4 71. Kg2 h4 72. gxh4 Kxh4 73. Kf3 Kh5 74. Ke4 Kg4 75. Ke5 Kf3 76. f5 gxf5 77. Kxf5 1/2-1/2


[Site "https://www.chess.com"]

[Event "Titled Tuesday Blitz March 08 Early 2022"]
[White "Zhigalko, Sergei"]
[Black "Bluebaum, Matthias"]
[WhiteFideId "13502956"]
[BlackFideId "24651516"]
[WhiteElo "2662"]
[BlackElo "2550"]
[Result "1-0"]
[Round "09"]
[TimeControl "180+1"]
[Date "2022.03.08"]
[WhiteClock "0:00:04"]
[BlackClock "0:00:15"]

1. e4 c6 2. d4 d5 3. e5 Bf5 4. Nf3 e6 5. Be2 c5 6. Be3 Qb6 7. Nc3 Nc6 8. dxc5 Bxc5 9. Bxc5 Qxc5 10. Nb5 Kf8 11. Nbd4 Be4 12. O-O Nge7 13. Re1 Rc8 14. c3 Ng6 15. Bd3 Bxd3 16. Qxd3 Ke7 17. Rad1 Rhd8 18. h4 h6 19. h5 Nf8 20. Nxc6+ bxc6 21. Nd4 Qb6 22. Qg3 c5 23. Nf3 g5 24. Nh2 Qxb2 25. Ng4 Rb8 26. Nxh6 Nh7 27. Qd3 Rh8 28. c4 d4 29. Nxf7 Kxf7 30. Qg6+ Kf8 31. Rb1 g4 32. Rxb2 Rxb2 33. Qxe6 Rg8 34. Re4 Ng5 35. Rf4+ Kg7 36. Qg6+ Kh8 37. Qh6+ Nh7 38. Rf7 Rb1+ 39. Kh2 g3+ 40. fxg3 Rh1+ 41. Kxh1 Rg7 42. Qxg7# 1-0


[Site "https://www.chess.com"]

[Event "Titled Tuesday Blitz March 08 Early 2022"]
[White "Zierk, Steven"]
[Black "Fedoseev, Vladimir"]
[WhiteFideId "2034255"]
[BlackFideId "24130737"]
[WhiteElo "2494"]
[BlackElo "2726"]
[Result "0-1"]
[Round "09"]
[TimeControl "180+1"]
[Date "2022.03.08"]
[WhiteClock "0:00:08"]
[BlackClock "0:00:21"]

1. e4 c5 2. Nf3 d6 3. d4 cxd4 4. Nxd4 Nf6 5. f3 e5 6. Nb3 a5 7. Be3 a4 8. Bb5+ Bd7 9. Bxd7+ Qxd7 10. N3d2 d5 11. exd5 Nxd5 12. Bf2 Nc6 13. Ne4 f5 14. Nc5 Bxc5 15. Bxc5 Ra5 16. Ba3 Ne3 17. Qxd7+ Kxd7 18. Kd2 f4 19. Nc3 b5 20. Bc5 b4 21. Ne4 Nd4 22. c3 bxc3+ 23. bxc3 Ndf5 24. g4 Nc4+ 25. Ke2 Nfe3 26. Rab1 Rc8 27. Rb7+ Kc6 28. Rhb1 Rxc5 29. Nxc5 Kxc5 30. Rxg7 Nd5 31. Kd3 Rd8 32. Re1 Nf6+ 33. Kc2 Rd2+ 34. Kb1 Nd5 35. Rc1 Rxh2 36. Ra7 a3 37. g5 Nde3 38. Ka1 Rb2 39. Rc7+ Kd6 40. Rxh7 Nc2+ 41. Rxc2 Rxc2 42. Rh1 Rg2 43. g6 Kc5 44. g7 Ne3 0-1


[Site "https://www.chess.com"]

[Event "Titled Tuesday Blitz March 08 Early 2022"]
[White "parintele_chess"]
[Black "Muradov, Soltan"]
[BlackFideId "14002108"]
[WhiteElo "2222"]
[BlackElo "1854"]
[Result "1-0"]
[Round "09"]
[TimeControl "180+1"]
[Date "2022.03.09"]
[WhiteClock "0:00:36"]
[BlackClock "0:00:02"]

1. e4 e5 2. Nf3 Nf6 3. Nc3 Bb4 4. Bd3 O-O 5. O-O Nc6 6. a3 Be7 7. h3 d5 8. exd5 Nxd5 9. Re1 Be6 10. Nxe5 Nf4 11. Nxc6 bxc6 12. Be4 Bd6 13. d3 Rb8 14. Bxc6 Qg5 15. Qf3 Nxh3+ 16. Qxh3 Qxc1 17. Raxc1 Bxh3 18. gxh3 Rxb2 19. Nd5 g6 20. a4 Kg7 21. Re8 Rxe8 22. Bxe8 a5 23. c4 Bc5 24. Ne3 h5 25. Rc2 Rb1+ 26. Kg2 Bd4 27. Nd5 c5 28. Bb5 g5 29. Ne7 1-0


[Site "https://www.chess.com"]

[Event "Titled Tuesday Blitz March 08 Early 2022"]
[White "Abarca Gonzalez, Nicolas"]
[Black "Bortnyk, Olexandr"]
[WhiteFideId "3409422"]
[BlackFideId "14120828"]
[WhiteElo "2504"]
[BlackElo "2723"]
[Result "0-1"]
[Round "10"]
[TimeControl "180+1"]
[Date "2022.03.08"]
[WhiteClock "0:00:07"]
[BlackClock "0:00:05"]

1. e4 Nf6 2. Nc3 d5 3. exd5 Nxd5 4. Nf3 Nxc3 5. bxc3 g6 6. d4 Bg7 7. g3 O-O 8. Bg2 c5 9. O-O Qa5 10. Bd2 Rd8 11. Qe1 e6 12. Ne5 Nd7 13. Nc4 Qa6 14. Ne5 Nxe5 15. dxe5 h6 16. Qe3 Bd7 17. Rfb1 Bc6 18. Be1 Bxg2 19. Kxg2 Qc6+ 20. Qf3 Rd5 21. c4 Rxe5 22. Qxc6 bxc6 23. Rb7 Re2 24. Rd1 Rxc2 25. Rdd7 Rf8 26. Rxa7 Bd4 27. Rdc7 Rxc4 28. Rxc6 Rc1 29. Bd2 Rc2 30. Bxh6 Rxf2+ 31. Kh3 Rb8 32. Rcc7 Rbb2 33. Kg4 Rxh2 34. Rc8+ Kh7 35. Bf4 Kg7 36. Rcc7 Kg8 37. Rc8+ Kg7 38. Rcc7 c4 39. Rxf7+ Kg8 40. Rac7 Rxa2 41. Rfd7 Ra8 42. Rxd4 c3 43. Rxc3 Rh5 44. Rd7 e5 45. Bg5 Ra4+ 46. Bf4 Ra8 47. Be3 Rf5 48. Rcc7 Ra4+ 49. Kh3 Rh5+ 50. Kg2 Ra2+ 51. Kf3 Rf5+ 52. Ke4 Ra4+ 53. Kd5 e4+ 54. Ke6 Ra6+ 55. Rd6 Rxd6+ 56. Kxd6 Rf3 57. Bf4 g5 0-1


[Site "https://www.chess.com"]

[Event "Titled Tuesday Blitz March 08 Early 2022"]
[White "Agasarov, Benik"]
[Black "Vivas Zamora, Fabian Ernesto"]
[WhiteFideId "13314823"]
[BlackFideId "3902480"]
[WhiteElo "2562"]
[BlackElo "1966"]
[Result "0-1"]
[Round "10"]
[TimeControl "180+1"]
[Date "2022.03.09"]
[WhiteClock "0:00:37"]
[BlackClock "0:00:10"]

1. d4 Nf6 2. Bf4 g6 3. e3 Bg7 4. Nd2 O-O 5. h3 c5 6. c3 d6 7. Ngf3 Nc6 8. Bh2 cxd4 9. cxd4 e5 10. dxe5 dxe5 11. Bb5 e4 12. Bxc6 bxc6 13. Ne5 Ba6 14. Ndc4 Qd5 15. Qxd5 cxd5 16. Nd2 Rfc8 17. Kd1 Bd3 18. Nxd3 exd3 19. Rc1 Ne4 20. Nxe4 dxe4 21. Bc7 Bxb2 22. Rb1 Rxc7 23. Rxb2 Rac8 24. f3 Rc1+ 25. Kd2 Rxh1 26. fxe4 Rg1 27. Kxd3 Rd8+ 28. Kc4 Rc1+ 29. Kb3 Rb8+ 30. Ka3 Rxb2 31. Kxb2 Rg1 32. Kc3 Rxg2 33. a4 Rg3 34. Kd4 Rxh3 35. e5 h5 36. Kd5 Rxe3 37. Kd6 Rd3+ 38. Ke7 Ra3 39. Kf6 Rxa4 40. Ke7 Ra6 41. e6 Rxe6+ 42. Kd7 h4 43. Kc7 h3 44. Kb7 h2 45. Kb8 h1=Q 46. Kc8 Qd5 47. Kc7 Qc6+ 48. Kb8 Re8+ 49. Kxa7 Ra8# 0-1


[Site "https://www.chess.com"]

[Event "Titled Tuesday Blitz March 08 Early 2022"]
[White "Aldokhin, Ivan"]
[Black "Mikhnenko, Alexander"]
[WhiteFideId "24115720"]
[BlackFideId "34143014"]
[WhiteElo "2231"]
[BlackElo "2184"]
[Result "0-1"]
[Round "10"]
[TimeControl "180+1"]
[Date "2022.03.09"]
[WhiteClock "0:00:09"]
[BlackClock "0:00:16"]

1. e4 c5 2. Nf3 e6 3. d4 cxd4 4. Nxd4 Nf6 5. Nc3 Nc6 6. Ndb5 Bc5 7. Nd6+ Ke7 8. Nxc8+ Rxc8 9. Bd3 Qc7 10. O-O h5 11. Bg5 Qe5 12. h4 Ke8 13. Qf3 Ng4 14. Bf4 Qf6 15. Qg3 a6 16. Rae1 d6 17. Nd1 Nce5 18. Kh1 Rc6 19. Bg5 Qg6 20. f4 Nxd3 21. cxd3 f6 22. f5 Qf7 23. Bd2 e5 24. Nc3 Bb4 25. a3 Bxc3 26. Bxc3 Kd7 27. d4 Rhc8 28. dxe5 dxe5 29. Rd1+ Ke8 30. Rd5 Rd8 31. Rfd1 Rxd5 32. Rxd5 Rc7 33. Qe1 Rd7 34. Rc5 Qb3 35. Bd2 Qd3 36. Rd5 Rxd5 37. exd5 Qxd5 38. Bc3 Qc5 39. Qe2 Nf2+ 40. Kh2 Ng4+ 41. Kg3 Qc7 42. Qe4 Qc6 43. Kf3 Nh2+ 44. Ke3 Ng4+ 45. Kf3 Qxe4+ 46. Kxe4 Kd7 47. Kd5 Nh6 48. Bd2 Nxf5 49. Be1 g6 50. Ke4 Ke6 51. Bf2 Nd6+ 52. Kd3 f5 53. Ke3 Kd5 54. Kd3 e4+ 55. Ke3 Nc4+ 56. Kf4 Nxb2 57. Kg5 Nd3 58. Bg1 Ne5 59. Be3 b5 60. Bd2 Kd4 61. Kf6 Ng4+ 62. Kxg6 Kd3 63. Bb4 f4 64. Kxh5 f3 65. gxf3 exf3 66. Kxg4 f2 67. h5 f1=Q 68. h6 Qf7 69. Kg5 Qh7 70. Kh5 Kc4 71. Kg5 Kb3 72. Kh5 Ka4 73. Kg5 a5 74. Bd6 b4 75. axb4 axb4 76. Be5 b3 77. Bg7 Kb4 78. Kh5 Kc4 79. Kg5 Kd3 0-1


[Site "https://www.chess.com"]

[Event "Titled Tuesday Blitz March 08 Early 2022"]
[White "Artemenko, Oleg"]
[Black "Jaskolka, Tomasz"]
[WhiteFideId "14201798"]
[BlackFideId "1170791"]
[WhiteElo "2287"]
[BlackElo "2073"]
[Result "0-1"]
[Round "10"]
[TimeControl "180+1"]
[Date "2022.03.09"]
[WhiteClock "0:00:48"]
[BlackClock "0:00:17"]

1. d4 Nf6 2. Nc3 d5 3. Bf4 c6 4. f3 Bf5 5. g4 Bg6 6. h4 h5 7. g5 Nfd7 8. e3 e6 9. Bd3 Bxd3 10. Qxd3 g6 11. Nge2 Bg7 12. O-O-O a6 13. Bd6 Nb6 14. Be5 Bxe5 15. dxe5 N8d7 16. b3 Qe7 17. f4 a5 18. a4 Qa3+ 19. Kb1 Ra6 20. Nd4 Nc5 21. Qd2 O-O 22. Qc1 Qb4 23. Na2 Nbxa4 24. Nxb4 Nc3+ 25. Kb2 axb4 26. Qa1 Nxd1+ 27. Qxd1 Rfa8 28. Qb1 Ne4 29. Qa1 Rxa1 30. Rxa1 Rxa1 31. Kxa1 Nc3 32. Nf3 Nd1 33. Ne1 Nxe3 34. Kb2 c5 35. Kc1 b6 36. Kd2 Nf5 37. Ng2 Kf8 38. Kd3 Ke8 39. c4 bxc3 40. Kxc3 Kd7 41. b4 Kc6 42. bxc5 bxc5 43. Kd3 c4+ 44. Kc3 Kc5 45. Kc2 d4 46. Kd2 Kd5 47. Ke1 Ke4 48. Ke2 d3+ 49. Kd2 Kd4 50. Ne1 c3+ 51. Kd1 Ne3+ 52. Kc1 d2+ 53. Kb1 dxe1=Q+ 54. Ka2 Qd2+ 55. Kb3 Qb2+ 56. Ka4 Kc4 57. Ka5 Qb5# 0-1


[Site "https://www.chess.com"]

[Event "Titled Tuesday Blitz March 08 Early 2022"]
[White "Atakhan, Abtin"]
[Black "Durarbayli, Vasif"]
[WhiteFideId "22502203"]
[BlackFideId "13402935"]
[WhiteElo "2119"]
[BlackElo "2528"]
[Result "1-0"]
[Round "10"]
[TimeControl "180+1"]
[Date "2022.03.08"]
[WhiteClock "0:00:24"]
[BlackClock "0:00:01"]

1. d4 d5 2. c4 c6 3. Nf3 Nf6 4. e3 e6 5. Nbd2 Nbd7 6. Bd3 Bd6 7. b3 e5 8. dxe5 Nxe5 9. Be2 O-O 10. O-O Qe7 11. Bb2 Rd8 12. Qc2 Bg4 13. Rfe1 Nxf3+ 14. Bxf3 Bxf3 15. Nxf3 dxc4 16. Qxc4 Ne4 17. Red1 Bc7 18. Rd4 Rxd4 19. Qxd4 f6 20. Rd1 Rd8 21. Qc4+ Kh8 22. Rxd8+ Bxd8 23. Nd4 Bb6 24. Ne6 Nd6 25. Qg4 Qd7 26. h3 Ne8 27. Qe4 Kg8 28. Qxh7+ Kf7 29. Nf4 Bc7 30. Qh5+ Kg8 31. Ng6 f5 32. f4 Qd2 33. Bd4 1-0


[Site "https://www.chess.com"]

[Event "Titled Tuesday Blitz March 08 Early 2022"]
[White "Avila Pavas, Santiago"]
[Black "Petrovic, Aleksa"]
[WhiteFideId "4437128"]
[BlackFideId "967629"]
[WhiteElo "2242"]
[BlackElo "2245"]
[Result "1-0"]
[Round "10"]
[TimeControl "180+1"]
[Date "2022.03.09"]
[WhiteClock "0:00:23"]
[BlackClock "0:00:03"]

1. d4 Nf6 2. Nf3 e6 3. g3 b6 4. Bg2 Bb7 5. c4 Be7 6. O-O d5 7. cxd5 exd5 8. Nc3 O-O 9. Bf4 a6 10. Rc1 Re8 11. Bxc7 Qxc7 12. Nxd5 Qd6 13. Nc7 Nbd7 14. e3 Rac8 15. Nxe8 Rxe8 16. a3 Be4 17. Nd2 Bxg2 18. Kxg2 h5 19. Qf3 Qd5 20. Rc7 Qxf3+ 21. Kxf3 Bd8 22. Rb7 g5 23. Kg2 g4 24. Nc4 b5 25. Nd6 Re6 26. Nf5 Kh7 27. Rc1 Kg6 28. Nh4+ Kg5 29. Rc8 Be7 30. Rh8 Bf8 31. Rc7 Bg7 32. Rd8 Rd6 33. f4+ gxf3+ 34. Nxf3+ Kf5 35. Ne5 Ke6 36. Nd3 Nd5 37. Rcxd7 Rxd7 38. Nc5+ Kf5 39. Rxd7 Nxe3+ 40. Kf3 Nc4 41. Rxf7+ Kg6 42. Ra7 Bxd4 43. Rxa6+ Kf5 44. Nd3 Nd2+ 45. Ke2 Nc4 46. Ra8 Nxb2 47. Nxb2 Bxb2 48. Rb8 Bxa3 49. Rxb5+ Kg4 50. Kf2 Bd6 51. Rd5 Bc7 52. Kg2 Bxg3 53. hxg3 h4 54. Rd4+ 1-0


[Site "https://www.chess.com"]

[Event "Titled Tuesday Blitz March 08 Early 2022"]
[White "Bashirli, Nail"]
[Black "Lou, Yiping"]
[WhiteFideId "13406809"]
[BlackFideId "8603928"]
[WhiteElo "2333"]
[BlackElo "2412"]
[Result "1-0"]
[Round "10"]
[TimeControl "180+1"]
[Date "2022.03.08"]
[WhiteClock "0:00:27"]
[BlackClock "0:00:04"]

1. e4 e5 2. Nc3 Nc6 3. Nf3 Nf6 4. Bb5 Bb4 5. O-O O-O 6. d3 d6 7. Bg5 Bxc3 8. bxc3 h6 9. Bh4 a6 10. Bxc6 bxc6 11. h3 c5 12. Nd2 g5 13. Bg3 Be6 14. Re1 Kg7 15. Nf1 Rb8 16. Ne3 Qd7 17. Qf3 Ng8 18. Red1 f5 19. exf5 Bxf5 20. Qe2 Bg6 21. d4 exd4 22. cxd4 cxd4 23. Rxd4 Qb5 24. Qd2 Nf6 25. Qc3 Qb2 26. Qxb2 Rxb2 27. Rc4 Rf7 28. f3 Re7 29. Bf2 Rb5 30. a4 Rbe5 31. Nf1 Re2 32. Rc1 c5 33. Ng3 Rd2 34. a5 Nd5 35. Nf1 Rde2 36. Rd1 Bf7 37. Ng3 R2e5 38. Re4 Kf8 39. c4 Nc3 40. Rxe5 Rxe5 41. Rxd6 Bxc4 42. Rxh6 Ne2+ 43. Kh2 Nxg3 44. Kxg3 Rf5 45. Rc6 Bb5 46. Bxc5+ Kg8 47. Rc7 Re5 48. Bd4 Re2 49. Rg7+ Kf8 50. Rxg5 Ra2 51. Kf4 Bf1 52. g4 Bxh3 53. Rc5 Bf1 54. Kg5 Bb5 55. Bc3 Rf2 56. f4 Be2 57. Rc8+ Ke7 58. Bb4+ Kf7 59. Rc7+ Ke6 60. Re7+ Kd5 61. Re5+ Kd4 62. Bc5+ 1-0


[Site "https://www.chess.com"]

[Event "Titled Tuesday Blitz March 08 Early 2022"]
[White "Batsiashvili, Nino"]
[Black "Maevsky, Nikolay"]
[WhiteFideId "13602993"]
[BlackFideId "4198220"]
[WhiteElo "2192"]
[BlackElo "2126"]
[Result "1-0"]
[Round "10"]
[TimeControl "180+1"]
[Date "2022.03.09"]
[WhiteClock "0:00:14"]
[BlackClock "0:00:04"]

1. d4 d5 2. c4 Nc6 3. e3 e5 4. cxd5 Qxd5 5. Nc3 Bb4 6. Bd2 Bxc3 7. bxc3 Qd6 8. Bd3 Nf6 9. Ne2 h5 10. O-O h4 11. f4 e4 12. Bc2 Bf5 13. c4 O-O-O 14. Nc3 Nxd4 15. Rf2 Nxc2 16. Qxc2 Qc6 17. Nb5 Kb8 18. Rb1 Ng4 19. Re2 h3 20. g3 g6 21. Bc3 Rhe8 22. Bd4 a6 23. Na7 Qd7 24. Qb2 c6 25. Qb6 Re6 26. Rd2 Ka8 27. Nb5 Qxd4 28. Rxd4 Rxd4 29. Qa7# 1-0


[Site "https://www.chess.com"]

[Event "Titled Tuesday Blitz March 08 Early 2022"]
[White "Beerdsen, Thomas"]
[Black "Zierk, Steven"]
[WhiteFideId "1030108"]
[BlackFideId "2034255"]
[WhiteElo "2585"]
[BlackElo "2494"]
[Result "1-0"]
[Round "10"]
[TimeControl "180+1"]
[Date "2022.03.08"]
[WhiteClock "0:00:39"]
[BlackClock "0:01:07"]

1. e4 e6 2. d4 d5 3. Nc3 Bb4 4. e5 c5 5. a3 Bxc3+ 6. bxc3 Qa5 7. Bd2 Qa4 8. Qg4 Kf8 9. Qd1 b6 10. dxc5 bxc5 11. h4 Ba6 12. h5 h6 13. c4 Bxc4 14. Rh4 Ne7 15. Bxc4 dxc4 16. Nf3 Nd7 17. Qe2 Qxc2 18. Rxc4 Qb2 19. Rd1 Nd5 20. Kf1 Qxa3 21. Rb1 Ke7 22. Rg4 Rab8 23. Rd1 Rhg8 24. Kg1 Qa2 25. Bg5+ hxg5 26. Qxa2 Nc3 27. Rxd7+ Kxd7 28. Qxa7+ Kc6 29. Rc4 Ne2+ 30. Kh2 Rb6 31. Qxf7 Rc8 32. Qxe6+ Kb5 33. Qxc8 Kxc4 34. e6 g4 35. e7 gxf3 36. e8=Q Nd4 37. Qf7+ Kb4 38. gxf3 Kb5 39. Qd5 1-0


[Site "https://www.chess.com"]

[Event "Titled Tuesday Blitz March 08 Early 2022"]
[White "Bilan, Danila"]
[Black "Clawitter, Craig"]
[WhiteFideId "24161918"]
[BlackFideId "2023105"]
[WhiteElo "2164"]
[BlackElo "2284"]
[Result "1-0"]
[Round "10"]
[TimeControl "180+1"]
[Date "2022.03.09"]
[WhiteClock "0:00:56"]
[BlackClock "0:00:05"]

1. d4 e6 2. Nf3 Nf6 3. e3 b6 4. b3 Bb7 5. Bb2 c5 6. Nbd2 Be7 7. Bd3 O-O 8. O-O cxd4 9. exd4 d6 10. a3 Nbd7 11. Qe2 a6 12. Rfe1 Re8 13. c4 Qc7 14. Rad1 Rac8 15. Bb1 Qb8 16. Qd3 Nf8 17. Ng5 Ng6 18. f3 Nf4 19. Qe3 N6d5 20. Bxh7+ Kf8 21. Nxe6+ Nxe6 22. cxd5 Bxd5 23. Be4 Bg5 24. Qd3 Bb7 25. Bxb7 Qxb7 26. Ne4 Be7 27. d5 Nc5 28. Qd4 f6 29. Ng5 Nxb3 30. Ne6+ Kf7 31. Qg4 1-0


[Site "https://www.chess.com"]

[Event "Titled Tuesday Blitz March 08 Early 2022"]
[White "Bintang, Rasyid A. Hidayat"]
[Black "Ptacnikova, Lenka"]
[WhiteFideId "7105355"]
[BlackFideId "305650"]
[WhiteElo "2358"]
[BlackElo "1923"]
[Result "1-0"]
[Round "10"]
[TimeControl "180+1"]
[Date "2022.03.09"]
[WhiteClock "0:01:48"]
[BlackClock "0:00:02"]

1. d4 Nf6 2. Bf4 d5 3. e3 c5 4. Nd2 Nc6 5. Ngf3 Bg4 6. Bb5 cxd4 7. exd4 Qb6 8. c4 dxc4 9. Qa4 a6 10. Bxc6+ Qxc6 11. Qxc6+ bxc6 12. Ne5 Rc8 13. Ndxc4 c5 14. Nb6 Rd8 15. dxc5 Rd4 16. Be3 Rb4 17. c6 Rxb2 18. c7 Rc2 19. Nxg4 Rxc7 20. Nxf6+ exf6 21. O-O Ba3 22. Nd5 Rc4 23. Rab1 O-O 24. Rb3 Bd6 25. g3 h5 26. Rfb1 Kh7 27. Bf4 Bxf4 28. Nxf4 g6 29. Rb8 1-0


[Site "https://www.chess.com"]

[Event "Titled Tuesday Blitz March 08 Early 2022"]
[White "Bluebaum, Matthias"]
[Black "Rychagov, Andrey"]
[WhiteFideId "24651516"]
[BlackFideId "4119932"]
[WhiteElo "2550"]
[BlackElo "2500"]
[Result "1-0"]
[Round "10"]
[TimeControl "180+1"]
[Date "2022.03.08"]
[WhiteClock "0:01:16"]
[BlackClock "0:00:05"]

1. b3 e5 2. Bb2 Nc6 3. e3 Nf6 4. Nf3 d6 5. d4 exd4 6. Nxd4 Nxd4 7. Qxd4 Be7 8. Nc3 O-O 9. O-O-O Be6 10. g4 Ne8 11. g5 Bxg5 12. Ne4 Bh6 13. Rg1 f6 14. Nc5 Bf7 15. Bh3 Qe7 16. Nd7 a5 17. a4 c5 18. Qh4 Bg5 19. Qg3 c4 20. f4 Bh6 21. bxc4 Bxc4 22. Nxf8 Kxf8 23. Kb1 b5 24. Qg4 bxa4 25. Qd7 Rb8 26. Qxe7+ Kxe7 27. Ka1 d5 28. Ba3+ Kf7 29. Rb1 Rd8 30. Rb7+ Kg8 31. Be6+ Kh8 32. Rgb1 g5 33. Rb8 Rxb8 34. Rxb8 1-0


[Site "https://www.chess.com"]

[Event "Titled Tuesday Blitz March 08 Early 2022"]
[White "Bowden, Karl"]
[Black "Sahin, Handenur"]
[WhiteFideId "400548"]
[BlackFideId "6334865"]
[WhiteElo "2363"]
[BlackElo "2170"]
[Result "1-0"]
[Round "10"]
[TimeControl "180+1"]
[Date "2022.03.09"]
[WhiteClock "0:00:36"]
[BlackClock "0:00:24"]

1. e4 e5 2. Nf3 Nc6 3. Bb5 a6 4. Ba4 Nf6 5. d4 b5 6. dxe5 bxa4 7. exf6 Qxf6 8. Nc3 d6 9. O-O Be6 10. Nxa4 h6 11. Nc3 Ne5 12. Nd4 Bg4 13. f3 Bh5 14. Nd5 Qd8 15. Nf4 Bg6 16. Nxg6 Nxg6 17. Nf5 Ne5 18. f4 Nc6 19. Qd5 Nb4 20. Qc4 c5 21. Rd1 g6 22. Nxd6+ Bxd6 23. e5 O-O 24. Rxd6 Qc7 25. a3 Nc6 26. Be3 Rab8 27. b3 Rfd8 28. Rxg6+ Kh7 29. Rf6 Kg7 30. Qxc5 Rb5 31. Qxc6 1-0


[Site "https://www.chess.com"]

[Event "Titled Tuesday Blitz March 08 Early 2022"]
[White "Brodowski, Piotr"]
[Black "Dolzhykova, Kateryna"]
[WhiteFideId "1124480"]
[BlackFideId "14113414"]
[WhiteElo "2422"]
[BlackElo "2184"]
[Result "1-0"]
[Round "10"]
[TimeControl "180+1"]
[Date "2022.03.09"]
[WhiteClock "0:00:21"]
[BlackClock "0:00:07"]

1. e4 c5 2. Nf3 Nc6 3. Bb5 g6 4. Bxc6 dxc6 5. O-O Bg7 6. h3 Nf6 7. d3 O-O 8. Be3 b6 9. Qd2 Re8 10. Nc3 e5 11. Bh6 Nd7 12. a4 a5 13. Nh2 Nf8 14. b3 f5 15. Bxg7 Kxg7 16. exf5 Bxf5 17. Rae1 Qf6 18. Nf3 Rad8 19. Ng5 Ne6 20. Nce4 Bxe4 21. Nxe6+ Rxe6 22. Rxe4 Rd4 23. Rfe1 Rxe4 24. Rxe4 Re7 25. Qe3 h6 26. f4 Kf7 27. fxe5 Qg5 28. Qxg5 hxg5 29. e6+ Rxe6 30. Rxe6 Kxe6 31. Kf2 b5 32. Ke3 bxa4 33. bxa4 Ke5 34. c3 Kf5 35. Kf3 Ke5 36. Kg4 c4 37. dxc4 Ke4 38. Kxg5 Kd3 39. Kxg6 Kxc3 40. h4 Kxc4 41. h5 Kb4 42. h6 c5 43. h7 c4 44. h8=Q c3 45. Kf5 Kb3 46. g4 Kc2 47. g5 Kd2 48. g6 c2 49. Qa1 c1=Q 50. Qxc1+ Kxc1 51. g7 Kb2 52. g8=Q Ka3 53. Qc4 1-0


[Site "https://www.chess.com"]

[Event "Titled Tuesday Blitz March 08 Early 2022"]
[White "Brunner, Nicolas"]
[Black "Liyanage, Ranindu Dilshan"]
[WhiteFideId "620246"]
[BlackFideId "9915834"]
[WhiteElo "2372"]
[BlackElo "1858"]
[Result "1-0"]
[Round "10"]
[TimeControl "180+1"]
[Date "2022.03.09"]
[WhiteClock "0:00:20"]
[BlackClock "0:00:38"]

1. d4 Nf6 2. c4 e6 3. g3 d5 4. Bg2 Be7 5. Nf3 O-O 6. O-O dxc4 7. Qa4 a6 8. Qxc4 b5 9. Qc2 Bb7 10. Bd2 Bd6 11. Ng5 Bxg2 12. Kxg2 Nbd7 13. e4 e5 14. dxe5 Bxe5 15. f4 Bd4 16. e5 h6 17. Nf3 Nxe5 18. fxe5 Ng4 19. Nc3 Nxe5 20. Nxe5 Bxe5 21. Rae1 Bd4 22. Be3 c5 23. Qf5 b4 24. Bxd4 Qxd4 25. Na4 c4 26. Rd1 Qe3 27. Rd7 c3 28. bxc3 bxc3 29. Rxf7 Rxf7 30. Qxf7+ Kh8 31. Qf3 Qd2+ 32. Rf2 Rd8 33. Rxd2 Rxd2+ 34. Kh3 c2 35. Qc3 Re2 36. Nc5 Kh7 37. Nb3 g5 38. Nd4 Rf2 39. Nxc2 h5 40. Qd3+ Kh6 41. Qd6+ Kh7 42. Qc7+ Kg8 43. Qb8+ Kg7 44. Qa7+ Rf7 45. Qxa6 Rf2 46. Qa7+ Rf7 47. Qd4+ Kg6 48. g4 h4 49. Kg2 Rc7 50. Qe4+ 1-0


[Site "https://www.chess.com"]